[Event "elllobregat Open Chess TnmT- 2nd Edition 2021"]
[Site "Castelldefels, Spain"]
[Date "2021.12.08"]
[Round "9.1"]
[White "Santos Latasa, Jaime"]
[Black "Abdusattorov, Nodirbek"]
[Result "1/2-1/2"]
[TimeControl "90min/40moves + 30min/end + 30sec increment per move starting from move 1"]
[WhiteTitle "GM"]
[BlackTitle "GM"]
[WhiteFideId "2293307"]
[BlackFideId "14204118"]
[WhiteElo "2633"]
[BlackElo "2646"]

1. e4 e5 2. Nf3 Nc6 3. Bc4 Bc5 4. c3 Nf6 5. d3 d6 6. O-O a6 7. a4 Ba7 8. Re1 h6 9. Nbd2 g5 10.
b4 Nh7 11. Nb3 g4 12. b5 gxf3 13. Qxf3 Qf6 14. Qxf6 Nxf6 15. bxc6 bxc6 16. Na5 Bd7 17. Bb3 Rb8 18. Bd1 h5 19.
Bg5 Ng8 20. Be2 f6 21. Be3 Bxe3 22. fxe3 Ne7 23. Reb1 Rc8 24. d4 Bg4 25. Bf1 Kd7 26. Rb7 Rb8 27. Rab1 Rxb7 28. Rxb7 Ra8 29.
Nc4 Kd8 30. a5 d5 31. Nd2 Nc8 32. Rb4 Nd6 33. Bd3 Ke7 34.
Kf2 Be6 1/2-1/2

[Event "elllobregat Open Chess TnmT- 2nd Edition 2021"]
[Site "Castelldefels, Spain"]
[Date "2021.12.08"]
[Round "9.2"]
[White "Sosa, Tomas"]
[Black "Karthikeyan, Murali"]
[Result "0-1"]
[TimeControl "90min/40moves + 30min/end + 30sec increment per move starting from move 1"]
[WhiteTitle "IM"]
[BlackTitle "GM"]
[WhiteFideId "121576"]
[BlackFideId "5074452"]
[WhiteElo "2542"]
[BlackElo "2630"]

1. e4 c5 2. Nf3 Nc6 3. Bb5 g6 4. Bxc6 bxc6 5. d4 Bg7 6. dxc5 Qa5+ 7. Nbd2 Qxc5 8. Rb1 a5 9. O-O d6 10. c4 Nf6 11. b3 O-O 12. Bb2 Bg4 13.
Qc2 Nh5 14. Bxg7 Nxg7 15. Qc3 Ne6 16. Rfe1 Bxf3 17. Nxf3 Rfb8 18. e5 d5 19. Rec1 Rb4 20. cxd5 Qxc3 21. Rxc3 cxd5 22. Rbc1 a4 23. Rc8+ Rxc8 24. Rxc8+ Kg7 25. Rc3 g5 26. h3 Kg6 27. Rc6 axb3 28. axb3 h5 29.
Ra6 Rxb3 30. Nd4 Rb1+ 31. Kh2 Re1 32.
Nxe6 fxe6 33. Rxe6+ Kf7 34. Ra6 Rxe5 35. Kg3 e6 36.
Ra7+ Kf6 37. Rd7 Re4 38. Kf3 Re1 39. Kg3 Ke5 40.
Rg7 Kf5 41. Rd7 Ra1 42. h4 gxh4+ 43. Kxh4 Rh1+ 44. Kg3 Ke4 45.
f3+ Kd4 46. f4 h4+ 47. Kf2 h3 48. gxh3 Rxh3 49. Ra7 Ke4 50. Ra4+ Kf5 51. Ra6 Rh4 52. Ke3 Rxf4 53. Rd6 Rh4 54. Kd3 Ke5 55. Ra6 Rh3+ 56. Kd2 d4 57. Rb6 Kd5 58.
Rb8 e5 59. Rg8 Rh2+ 60. Kd1 d3 61. Rg4 e4 62. Rg8 Kd4 63. Rd8+ Ke3 64. Kc1 Rh1+ 65. Kb2 d2 0-1

[Event "elllobregat Open Chess TnmT- 2nd Edition 2021"]
[Site "Castelldefels, Spain"]
[Date "2021.12.08"]
[Round "9.3"]
[White "Erigaisi, Arjun"]
[Black "Muradli, Mahammad"]
[Result "1/2-1/2"]
[TimeControl "90min/40moves + 30min/end + 30sec increment per move starting from move 1"]
[WhiteTitle "GM"]
[BlackTitle "IM"]
[WhiteFideId "35009192"]
[BlackFideId "13409301"]
[WhiteElo "2627"]
[BlackElo "2501"]

1. d4 Nf6 2. c4 e6 3. Nc3 Bb4 4.
f3 d5 5.
a3 Bd6 6. Bg5 h6 7. Bh4 c5 8. cxd5 exd5 9. e3 O-O 10. Bd3 Re8 11. Nge2 Be7 12. O-O Nc6 13. Bc2 Be6 14. Kh1 Nd7 15. Bf2 cxd4 16. exd4 Bd6 17. h3 Rc8 18. f4 f5 19. Qd3 Qf6 20.
Qf3 Qf7 21. g4 Ne7 22. g5 hxg5 23. fxg5 f4 24. Bg1 Ng6 25. Qd3 Ndf8 26. Bh2 Qd7 27. Ba4 Qf7 28. Bxe8 Rxe8 29.
Qf3 Nh4 30. Qf2 Nfg6 31. Bxf4 Rf8 32. Qg3 Nf5 33. Qd3 Nxf4 34. Nxf4 Bxf4 35. Rxf4 Ng3+ 36.
Qxg3 Qxf4 37. Qxf4 Rxf4 38. Re1 Kf7 39. Nb5 Bxh3 40. Re5 Bd7 41. Nd6+ Kg6 42. Re7 1/2-1/2

[Event "elllobregat Open Chess TnmT- 2nd Edition 2021"]
[Site "Castelldefels, Spain"]
[Date "2021.12.08"]
[Round "9.4"]
[White "Sethuraman, S.P."]
[Black "Garriga Cazorla, Pere"]
[Result "0-1"]
[TimeControl "90min/40moves + 30min/end + 30sec increment per move starting from move 1"]
[WhiteTitle "GM"]
[BlackTitle "IM"]
[WhiteFideId "5021596"]
[BlackFideId "32011601"]
[WhiteElo "2620"]
[BlackElo "2477"]

1. e4 c5 2. Nf3 d6 3. d4 cxd4 4. Nxd4 Nf6 5. Nc3 a6 6. h3 e5 7. Nf3 Nbd7 8. Be3 b5 9. a4 b4 10.
Nd5 Bb7 11. Bc4 Be7 12. Qe2 O-O 13. O-O-O Nxd5 14. exd5 Qa5 15. Bb3 f5 16. Kb1 Rae8 17. Qc4 Rc8 18. Qe2 Bf6 19. g3 Nc5 20. Bxc5 Qxc5 21. g4 e4 22.
Nd2 g6 23. gxf5 gxf5 24. Nc4 Kh8 25. Ne3 Bd4 26. Qd2 Be5 27. Nc4 Bg7 28. Rhg1 Rc7 29. h4 f4 30. h5 Re7 31. h6 Bxh6 32.
Rh1 Bg7 33. Rh5 Rf6 34. Re1 a5 35. Qd1 Ba6 36. Nd2 Qd4 37. Qc1 Rff7 38. Reh1 Bf6 39. Rf5 Qxf2 40. Bc4 e3 41. Ne4 Rxe4 42.
Bxa6 e2 43. Re1 f3 44. Ka2 Qe3 45. Qxe3 Rxe3 46. Bc8 Rf8 47. Be6 Bg7 48. Rxf8+ Bxf8 49. Rg1 Rxe6 0-1

[Event "elllobregat Open Chess TnmT- 2nd Edition 2021"]
[Site "Castelldefels, Spain"]
[Date "2021.12.08"]
[Round "9.5"]
[White "Aditya, Mittal"]
[Black "Yuffa, Daniil"]
[Result "1/2-1/2"]
[TimeControl "90min/40moves + 30min/end + 30sec increment per move starting from move 1"]
[WhiteTitle "IM"]
[BlackTitle "GM"]
[WhiteFideId "35042025"]
[BlackFideId "24131423"]
[WhiteElo "2459"]
[BlackElo "2567"]

1. d4 Nf6 2. c4 e6 3. Nf3 d5 4. Nc3 Be7 5. Bf4 O-O 6. e3 c5 7. dxc5 Bxc5 8. Qc2 Nc6 9. Rd1 Qa5 10.
a3 Re8 11. Nd2 e5 12. Bg5 Nd4 13. Qb1 Bf5 14. Bd3 Bxd3 15. Qxd3 Ne4 16. Nxd5 Nxg5 17. b4 Qd8 18. bxc5 Nde6 19.
O-O Nxc5 20. Qc2 Rc8 21. h4 Nge6 22. g3 Qa5 23. Rb1 Qxa3 24. Ra1 Qd3 25. Qxd3 Nxd3 26. Rxa7 Nec5 27.
e4 Ra8 28. Rfa1 Rxa7 29. Rxa7 h5 30.
Kf1 Re6 31. Ra8+ Kh7 32. Ke2 Ra6 33.
Nc7 Rxa8 34. Nxa8 f6 35. Nb6 Nb2 36. f4 Kg6 37. Nd5 Kf7 38. Ke3 Ke6 39. Kf3 Kd6 40. g4 hxg4+ 41. Kxg4 exf4 42. Kxf4 Ke6 43. Ke3 Kf7 44. Kd4 Ne6+ 45. Kc3 Na4+ 46. Kb4 Nac5 47. h5 Nd7 48. Nb3 Ng5 49. Na5 b6 50. Nc6 Nxe4 51. Nd8+ Kg8 52.
Kb5 Nd2 53. Ne7+ Kh7 54. Nf5 Nf8 55. Nf7 Nd7 56. Nd8 g5 57.
hxg6+ Kxg6 58. Ne7+ Kh5 59. Nf7 Ne5 60. Nd6 Kg4 61. Nd5 Ndxc4 62. Nxf6+ Kg5 63. Nxc4 Nxc4 64. Kxc4 Kxf6 65. Kb5 Ke5 66. Kxb6 1/2-1/2

[Event "elllobregat Open Chess TnmT- 2nd Edition 2021"]
[Site "Castelldefels, Spain"]
[Date "2021.12.08"]
[Round "9.6"]
[White "Van Foreest, Lucas"]
[Black "Meshkovs, Nikita"]
[Result "1/2-1/2"]
[TimeControl "90min/40moves + 30min/end + 30sec increment per move starting from move 1"]
[WhiteTitle "GM"]
[BlackTitle "GM"]
[WhiteFideId "1039792"]
[BlackFideId "11602740"]
[WhiteElo "2532"]
[BlackElo "2557"]

1. e4 e5 2. Nf3 Nc6 3. d4 exd4 4. Nxd4 Bc5 5. Nb3 Bb6 6. Qe2 d6 7. Nc3 Nf6 8. Be3 Qe7 9. O-O-O Be6 10. g3 O-O 11. Bg2 Ng4 12. Bxb6 axb6 13. f4 Nf6 14. Bf3 Nd7 15. Rhe1 Rfe8 16. Kb1 Qf6 17. Qd2 Nc5 18. Nxc5 bxc5 19. Bg2 Bg4 20. Rc1 Qd4 21. Qxd4 Nxd4 22. Nd5 Rac8 23. c3 Nf3 24. Re3 Nd2+ 25. Kc2 Nc4 26. Ree1 c6 27. Ne3 Nxe3+ 28. Rxe3 Kf8 29. Rce1 Ke7 30. Rd3 f6 31. a3 Rcd8 32. Rd2 Kd7 33. b4 1/2-1/2

[Event "elllobregat Open Chess TnmT- 2nd Edition 2021"]
[Site "Castelldefels, Spain"]
[Date "2021.12.08"]
[Round "9.7"]
[White "Ponomariov, Ruslan"]
[Black "Arjun, Kalyan"]
[Result "1/2-1/2"]
[TimeControl "90min/40moves + 30min/end + 30sec increment per move starting from move 1"]
[WhiteTitle "GM"]
[BlackTitle "GM"]
[WhiteFideId "14103320"]
[BlackFideId "35018701"]
[WhiteElo "2633"]
[BlackElo "2537"]

1. e4 e5 2. Nf3 Nc6 3.
Bc4 Bc5 4. d3 Nf6 5. O-O d6 6. c3 O-O 7. Bg5 h6 8. Bh4 g5 9. Bg3 Bg4 10. Nbd2 a6 11. a4 Ba7 12. Kh1 Nh7 13. Qc2 Qf6 14. h3 Bd7 15. b4 Ne7 16. d4 Ng6 17. Be2 h5 18. Nc4 Rae8 19. Rad1 Bc8 20. Ne3 c6 21. Nc4 g4 22. hxg4 Bxg4 23. dxe5 dxe5 24. Nd6 Rd8 25. Nf5 Bxf3 26. Bxf3 h4 27. Bh2 Rxd1 28. Rxd1 Rd8 29. Bh5 Nhf8 30. Rxd8 Qxd8 31. g3 Qg5 32. Bxg6 Nxg6 33. gxh4 Nxh4 34. Nxh4 Qxh4 35. Kg2 Qg4+ 36. Bg3 Kf8 37. Qd3 Ke7 38. b5 axb5 39. axb5 f6 40. bxc6 bxc6 41. Qc4 Qe6 42. Qb4+ Qd6 43. Qb7+ Qd7 44. Qb4+ Qd6 45. Qb7+ Qd7 46. Qa6 Bc5 47. Qc4 Ba7 48. Qg8 Qe6 49. Qh7+ Qf7 50. Qf5 Qe6 51. Kf3 Bb6 52.
Bh4 Qxf5+ 53. exf5 Ba5 54.
c4 Bd8 55. Ke4 Kd6 56. f3 Kc5 57. Kd3 Kb4 58. Be1+ Kb3 59.
Bf2 Kb4 60. Be3 Be7 61. Bd2+ Kb3 62. Ba5 Ka4 63. Be1 Kb3 64. Bd2 Bd8 65. Be1 Be7 66. Ba5 1/2-1/2

[Event "elllobregat Open Chess TnmT- 2nd Edition 2021"]
[Site "Castelldefels, Spain"]
[Date "2021.12.08"]
[Round "9.8"]
[White "Puranik, Abhimanyu"]
[Black "Vetoshko, Volodymyr"]
[Result "1-0"]
[TimeControl "90min/40moves + 30min/end + 30sec increment per move starting from move 1"]
[WhiteTitle "GM"]
[BlackTitle "GM"]
[WhiteFideId "5061245"]
[BlackFideId "14122480"]
[WhiteElo "2604"]
[BlackElo "2525"]

1. Nf3 d5 2. c4 e6 3. g3 Nf6 4. Bg2 Be7 5. O-O O-O 6. b3 d4 7. e3 c5 8. exd4 cxd4 9. Ne5 Nbd7 10. Nxd7 Nxd7 11. d3 e5 12.
Re1 f6 13. a3 a5 14. Nd2 Nc5 15. Ne4 Ne6 16. Rb1 Bd7 17. b4 axb4 18. axb4 Kh8 19. Nd2 Bc6 20. f4 Bxg2 21. Kxg2 Ra2 22.
fxe5 fxe5 23. Re2 b5 24. c5 Ng5 25. Ne4 Nxe4 26. dxe4 Qa8 27. Qd3 Rxe2+ 28. Qxe2 h6 29. h4 Qa4 30.
Bd2 Qa2 31. Rc1 Qb3 32. c6 Bd6 33. c7 Rc8 34. Rc6 Rxc7 35. Rxd6 Qa2 36. Kh3 Rf7 37. Rc6 Rf8 38. h5 Qf7 39.
Rc1 Qa2 40. Rc7 Qb1 1-0